 Dungeon Crawl Stone Soup version 0.29.1-13-g9f3cf754e1 (webtiles) character file.

Game seed: 13465235181173563115

14 javelincjr the Insei (level 2, -5/22 HPs)
             Began as a Djinni Transmuter on Feb 9, 2023.
             Frozen to death by an endoplasm (7 damage)
             ... on level 1 of the Dungeon.
             The game lasted 00:03:18 (941 turns).

javelincjr the Insei (Djinni Transmuter)             Turns: 941, Time: 00:03:19

Health: -5/22      AC:  2    Str:  9    XL:     2   Next: 55%
Gold:   0          EV:  9    Int: 14    God:
                   SH:  0    Dex: 13

rFire   + + .      SeeInvis .     - Unarmed
rCold   x . .      Faith    .   (no shield)
rNeg    . . .      Spirit   .   a - +0 robe
rPois   ∞          Reflect  .   (helmet currently unavailable)
rElec   .          Harm     .   (no cloak)
rCorr   .          Rampage  .   (no gloves)
Will    .....                   (boots unavailable)
Stlth   +.........              (no amulet)
HPRegen 0.07/turn               (no ring)
MPRegen 0.00/turn               (no ring)

@: appendages (expiring), wereblooded, flying, constricted
A: horns 2, flying, sickness immunity, fire resistance 2, cold vulnerability 1,
float, innate caster, HP casting, extra vitality 1
a: End Transformation


You were on level 1 of the Dungeon.
You had temporarily grown beastly horns.
You visited 1 branch of the dungeon, and saw 1 of its levels.

Inventory:

Hand Weapons
 e - a +0 dagger
Missiles
 f - 5 stones
Armour
 a - a +0 robe (worn)
Potions
 b - a potion of lignification
 c - a potion of heal wounds {unknown}
 d - a potion of resistance {unknown}


   Skills:
 + Level 1.3 Fighting
 + Level 2.5 Dodging
 + Level 0.3 Stealth
 + Level 3.1 Unarmed Combat
 + Level 1.6 Spellcasting


You couldn't memorise any spells.
You knew the following spells:

 Your Spells              Type           Power      Damage    Failure   Level
a - Beastly Appendage     Tmut           10%        N/A       12%         1
b - Wereblood             Tmut           5%         N/A       19%         2
c - Spider Form           Tmut/Pois      5%         N/A       36%         3
d - Ice Form              Ice/Tmut       5%         N/A       77%         4
Your spell library was empty.

Dungeon Overview and Level Annotations

Branches:
Dungeon (1/15)

Altars:


Innate Abilities, Weirdness & Mutations

You have temporarily grown beastly horns.
You are flying.
You are immune to sickness and miasma.
You are immune to poison.
Your flesh is very heat resistant. (rF++)
You are vulnerable to cold. (rC-)
You float through the air rather than walking.
You learn spells naturally, not from books.
Your magical power is your life essence.
You have superior vitality. (+4 MHP)


Message History

The endoplasm quivers.
The ball python hisses angrily.
The kobold shouts!
You hit the goblin.
You kill the goblin!
The kobold throws a stone.
The stone barely misses you.
Found a mace.
Things that are here:
a +0 club; a goblin corpse The ball python bites you.
The ball python barely misses you.
You closely miss the ball python. The ball python closely misses you.
The ball python grabs you. The ball python constricts you.
The kobold throws a stone.
The stone hits you.
You closely miss the ball python.
Your transformation is almost over.
The ball python bites you but does no damage.
The ball python constricts you. The endoplasm hits you.
Casting: Beastly Appendage (safe; 12% risk of failure)
Confirm with . or Enter, or press ? or * to list all spells.
Your blood is infused with primal strength.
The ball python barely misses you. The ball python constricts you.
The endoplasm freezes you.
You are frozen.
You feel a terrible chill!
* * * LOW HITPOINT WARNING * * *
The kobold hits you with a +1 dagger of flaming.
* * * LOW HITPOINT WARNING * * *
You are too injured to fight recklessly!
The ball python's grasp on you weakens, but your attempt to escape fails.
The ball python closely misses you. The ball python constricts you.
The kobold hits you with a +1 dagger of flaming.
* * * LOW HITPOINT WARNING * * *
The endoplasm barely misses you.
The ball python bites you but does no damage.
The ball python constricts you.
Unknown command.
You hit the ball python.
The ball python is moderately wounded.
The kobold closely misses you. The endoplasm freezes you.
You are frozen!
You feel a terrible chill!
You die...

...........#...####
.............###
#..........###
.)...###...#
.##........#
..J.......##
.##.......#
.....##)###
.....JJ@# ......KS#
.........
.........#
.........#
.........#
.).......#
###......#


You could see 2 endoplasms, a ball python and a kobold.

Vanquished Creatures
  A bat (D:1)
  An endoplasm (D:1)
  5 jackals (D:1)
  A kobold (D:1)
  A quokka (D:1)
  A ball python (D:1)
  A goblin (D:1)
11 creatures vanquished.

Notes
Turn   | Place    | Note
-------+----------+-------------------------------------------
     0 | D:1      | javelincjr the Djinni Transmuter began the quest for the
                  | Orb.
     0 | D:1      | javelincjr set off with the following spells memorised:
                  | Beastly Appendage, Wereblood, Spider Form, Ice Form.
     0 | D:1      | Reached XP level 1. HP: 17/17 MP: 0/0
   471 | D:1      | Reached XP level 2. HP: 16/22 MP: 0/0
   941 | D:1      | Frozen to death by an endoplasm

Illustrated notes

Levels and vault maps discovered:
D:1:      erik_arrival_triangle_medium, layout_rooms

Action                   || total
-------------------------++-------
Melee: Unarmed           ||    53
       Headbutt          ||     2
       Punch             ||     1
 Cast: Beastly Appendage ||    15
       Wereblood         ||     1
Armor: Robe              ||     9
Dodge: Dodged            ||    41
